AoeStats
← parry enjoyer

Arena

506853831Analyzed
2v2 RM · 17d ago on Sep 15, 2026· 57m 39s· 4 players
Game mode
Random Map
Map size
Medium (4 player)
Population
200
Speed
Normal
Resources
Standard
Victory
Conquest
Starting age
Dark Age
Ending age
Imperial Age
RankedLock teamsTeams togetherTeam positionsShared explorationLock speedFull tech treeHidden civsTurbo modeCheats
Victory
Defeat
🇨🇳 Khmer · China
881
+12
🇨🇳 Vietnamese · China
755
+18
🇮🇩 Celts · Indonesia
800
-15
🇨🇴 Dravidians · Colombia
795
-15
alejoc9302
10:29 Feudal Age
11:00 Loom
13:38 Loom
18:21 Castle Age
16:26 Horse Collar
17:22 Double-Bit Axe
18:35 Wheelbarrow
17:45 Loom
17:49 Town Watch
22:49 Pikeman
26:54 Heavy Plow
32:18 Imperial Age
29:54 Gambesons
30:09 Squires
29:54 Arson
30:25 Scale Mail Armor
30:22 Fletching
30:32 Padded Archer Armor
30:12 Light Cavalry
30:52 Husbandry
30:12 Light Cavalry
31:10 Husbandry
31:38 Ballistics
31:15 Murder Holes
32:36 Bow Saw
34:37 Chemistry
34:24 Hand Cart
34:09 Town Patrol
34:22 Forging
34:17 Scale Barding Armor
34:23 Scale Barding Armor
35:05 Town Patrol
34:37 Halberdier
35:42 Onager
35:42 Heavy Scorpion
37:46 Iron Casting
37:26 Chain Mail Armor
37:31 Chain Barding Armor
37:15 Padded Archer Armor
37:15 Bodkin Arrow
41:50 Blast Furnace
41:20 Plate Mail Armor
41:10 Chain Barding Armor
parry enjoyer
5:06 Loom
11:50 Feudal Age
12:20 Double-Bit Axe
12:21 Horse Collar
18:54 Wheelbarrow
21:40 Castle Age
20:31 Man-at-Arms
22:48 Hand Cart
23:07 Bow Saw
22:58 Heavy Plow
23:54 Gold Mining
24:07 Stone Mining
24:06 Town Watch
25:39 Treadmill Crane
27:18 Murder Holes
28:45 Forging
31:14 Gold Shaft Mining
31:16 Stone Shaft Mining
31:25 Masonry
31:39 Ballistics
31:24 Scale Mail Armor
36:10 Imperial Age
35:54 Fletching
36:06 Padded Archer Armor
36:48 Iron Casting
36:45 Chain Mail Armor
36:57 Town Patrol
36:54 Capped Ram
38:42 Guilds
38:34 Caravan
39:01 Bodkin Arrow
39:37 Plate Mail Armor
40:10 Blast Furnace
39:41 Conscription
39:37 Gambesons
39:38 Arson
41:21 Chemistry
40:27 Siege Engineers
40:44 Masonry
40:11 Pikeman
40:11 Long Swordsman
41:00 Heavy Scorpion
41:51 Halberdier
44:20 Furor Celtica
46:54 Hoardings
49:40 Stronghold
摸鱼
5:12 Loom
10:59 Feudal Age
14:02 Double-Bit Axe
16:32 Castle Age
14:22 Horse Collar
16:46 Wheelbarrow
19:27 Bow Saw
21:58 Town Watch
24:41 Gold Mining
27:30 Imperial Age
26:25 Stone Mining
29:04 Gold Mining
29:31 Fletching
30:36 Bodkin Arrow
30:42 Padded Archer Armor
31:31 Bracer
32:55 Stone Shaft Mining
32:29 Heavy Plow
33:11 Leather Archer Armor
33:47 Scale Mail Armor
34:33 Fortified Wall
34:04 Treadmill Crane
34:43 Bloodlines
35:32 Ballistics
35:27 Elite Fire Lancer
37:06 Paper Money
36:58 Pikeman
38:21 Elite Skirmisher
39:09 Thumb Ring
39:40 Ring Archer Armor
39:21 Forging
39:03 Imperial Skirmisher
40:33 Halberdier
41:22 Elite Rattan Archer
43:22 Iron Casting
43:36 Capped Ram
45:25 Husbandry
44:47 Elite Battle Elephant
45:51 Scale Barding Armor
46:01 Chain Mail Armor
53:31 Chain Barding Armor
53:35 Squires
54:59 Plate Barding Armor
58:11 Plate Mail Armor
嗳在七元钱
5:25 Loom
10:40 Feudal Age
16:29 Castle Age
14:55 Double-Bit Axe
18:01 Bow Saw
17:59 Horse Collar
21:36 Heavy Plow
23:22 Bloodlines
25:40 Forging
25:36 Scale Barding Armor
25:43 Scale Mail Armor
25:47 Husbandry
30:07 Imperial Age
27:53 Gold Mining
29:24 Gold Shaft Mining
28:42 Stone Mining
29:16 Chain Barding Armor
29:31 Iron Casting
28:36 Light Cavalry
31:28 Stone Shaft Mining
31:17 Conscription
32:13 Blast Furnace
32:19 Wheelbarrow
31:30 Town Watch
32:00 Double Crossbow
32:45 Town Patrol
34:12 Hand Cart
33:25 Elite Battle Elephant
34:49 Plate Barding Armor
35:52 Elite Ballista Elephant
36:13 Hussar
37:46 Crop Rotation
39:02 Tusk Swords
39:45 Chain Mail Armor
44:55 Chemistry
44:15 Ballistics
Connection lost

Rejoining the realm…

Still unreachable

The connection could not be restored.

Session expired

The server has moved on; the page needs a fresh start.